 Dungeon Crawl Stone Soup version 0.30-a0-777-ga9a30cbeda (webtiles) character file.

Game seed: 17680780508456486727

510 avis the Shooter (level 6, -2/51 HPs)
             Began as a Demigod Hexslinger on Feb 14, 2023.
             Slain by a two-headed ogre
             ... wielding a +0 giant club
              (13 damage)
             ... on level 5 of the Dungeon.
             The game lasted 00:24:43 (4456 turns).

avis the Shooter (Demigod Hexslinger)               Turns: 4456, Time: 00:24:44

Health: -2/51      AC: 11    Str: 11    XL:     6   Next: 65%
Magic:  10/10      EV: 14    Int: 15    God:
Gold:   359        SH:  0    Dex: 22    Spells: 3/7 levels left

rFire   x . .      SeeInvis .    b - +1 sling
rCold   + . .      Faith    .    (no shield)
rNeg    . . .      Spirit   .    c - +0 robe
rPois   .          Reflect  .    d - +2 hat {Stlth+}
rElec   .          Harm     .    (no cloak)
rCorr   .          Rampage  .    B - +0 pair of gloves
Will    .....                    C - +1 pair of boots
Stlth   +++                      (no amulet)
HPRegen 0.28/turn                F - +4 ring of protection
MPRegen 0.12/turn                g - ring of ice

@: no status effects
A: high MP 1, forlorn, divine attributes
a: no special abilities


You were on level 5 of the Dungeon.
You visited 2 branches of the dungeon, and saw 6 of its levels.
You also visited: Sewer.

You collected 359 gold pieces.

Inventory:

Hand Weapons
 a - a +0 dagger of speed
 b - a +1 sling (weapon)
 y - a +2 flail of holy wrath
Missiles
 q - 8 poisoned darts
Armour
 c - a +0 robe (worn)
 d - a +2 hat of stealth (worn)
 B - a +0 pair of gloves (worn)
 C - a +1 pair of boots (worn)
Magical Staves
 l - a staff of earth
Jewellery
 g - a ring of ice (right hand)
 n - a ring of magical power
 z - a ring of fire
 F - a +4 ring of protection (left hand)
Wands
 v - a wand of digging (7)
Scrolls
 i - 4 scrolls of teleportation {unknown}
 k - 2 scrolls of amnesia {unknown}
 o - a scroll of noise {unknown}
 s - 4 scrolls of identify {unknown}
 u - a scroll of blinking {unknown}
 x - a scroll of magic mapping {unknown}
 A - 3 scrolls of enchant weapon {unknown}
 E - a scroll of poison
Potions
 e - a potion of flight {unknown}
 f - 2 potions of heal wounds
 h - a potion of haste {unknown}
 j - 2 potions of degeneration {unknown}
 m - 6 potions of brilliance {unknown}
 p - 2 potions of magic {unknown}
 r - a potion of might {unknown}
 t - a potion of curing {unknown}
 w - a potion of invisibility {unknown}
 D - a potion of cancellation {unknown}


   Skills:
 - Level 3.0 Fighting
 * Level 5.7 Ranged Weapons
 - Level 3.0 Dodging
 - Level 1.0 Spellcasting
 - Level 2.6 Hexes


You had 3 spell levels left.
You knew the following spells:

 Your Spells              Type           Power      Damage    Failure   Level
a - Slow                  Hex            32%        N/A       9%          1
o - Ozocubu's Armour      Ice            1%         N/A       58%         3

Your spell library contained the following spells:

 Spells                   Type           Power      Damage    Failure   Level
 Kiss of Death            Conj/Necr      0%         2d5       24%         1
 Sting                    Tmut/Pois      0%         1d3       24%         1
 Confusing Touch          Hex            8%         N/A       24%         3
 Cigotuvi's Dreadful Rot  Necr/Pois/Air  0%         N/A       36%         2
 Poisonous Vapours        Pois/Air       0%         N/A       36%         2
 Inner Flame              Hex/Fire       4%         N/A       38%         3
 Portal Projectile        Hex/Tloc       8%         N/A       38%         3
 Cause Fear               Hex            4%         N/A       63%         4
 Dispel Undead            Necr           0%         3d6       94%         4
 Olgreb's Toxic Radiance  Pois           0%         N/A       94%         4
 Death Channel            Necr           0%         N/A       100%        6
 Ozocubu's Refrigeration  Ice            0%         4d7       100%        7


Dungeon Overview and Level Annotations

Branches:
Dungeon (5/15)             Temple (1/1) D:4           Sewer (visited)

Shops:
D:1 =


Innate Abilities, Weirdness & Mutations

You have an increased reservoir of magic. (+10% MP)
You shall have no god before yourself.
Your divine heritage dramatically boosts your attributes as you level up.


Message History

The sling bullet hits the two-headed ogre but does no damage.
The two-headed ogre is lightly wounded.
Fire: b) +1 sling
Press: ? - help, Q - select action, (/) - cycle Shift-Dir - straight line, f/p - two-headed ogre
Aim: a two-headed ogre, wielding a +0 giant club and a +0 giant spiked club (lightly wounded, 78% to hit)
You shoot a sling bullet.
The sling bullet barely misses the two-headed ogre.
Fire: b) +1 sling
Press: ? - help, Q - select action, (/) - cycle Shift-Dir - straight line, f/p - two-headed ogre
Aim: a two-headed ogre, wielding a +0 giant club and a +0 giant spiked club (lightly wounded, 78% to hit)
You shoot a sling bullet.
The sling bullet hits the two-headed ogre!
The two-headed ogre is moderately wounded.
Fire: b) +1 sling
Press: ? - help, Q - select action, (/) - cycle Shift-Dir - straight line, f/p - two-headed ogre
Aim: a two-headed ogre, wielding a +0 giant club and a +0 giant spiked club (moderately wounded, 78% to hit)
You shoot a sling bullet.
The sling bullet hits the two-headed ogre.
The two-headed ogre is moderately wounded.
The two-headed ogre closely misses you.
The two-headed ogre hits you with a +0 giant spiked club!!
Fire: b) +1 sling
Press: ? - help, Q - select action, (/) - cycle Shift-Dir - straight line, f/p - two-headed ogre
Aim: a two-headed ogre, wielding a +0 giant club and a +0 giant spiked club (moderately wounded, 78% to hit)
You shoot a sling bullet.
The sling bullet hits the two-headed ogre.
The two-headed ogre is heavily wounded.
The two-headed ogre hits you with a +0 giant club!!
* * * LOW HITPOINT WARNING * * *
The two-headed ogre misses you.
Fire: b) +1 sling
Press: ? - help, Q - select action, (/) - cycle Shift-Dir - straight line, f/p - two-headed ogre
Aim: a two-headed ogre, wielding a +0 giant club and a +0 giant spiked club (heavily wounded, 78% to hit)
You shoot a sling bullet.
The sling bullet barely misses the two-headed ogre.
You feel much better.
The two-headed ogre hits you with a +0 giant club!!
* * * LOW HITPOINT WARNING * * *
The two-headed ogre hits you with a +0 giant spiked club!
You die...

#........######...##....
#........#..............
#........+..............
#........#..............
#........#..>...........
#........#..............
#........#######..##...#
#######........#..##...#
#@................
#.O...###.## #.....#
#.....# #............
........#..>O.# #
...####.#.....# # ...
..# #.### # ... ... ...
#


You could see a two-headed ogre.

Vanquished Creatures
  A bullfrog (D:5)
  A necrophage (D:4)
  3 hounds (D:4)
  Ijyb (D:3)
  9 adders
  9 river rats (Sewer)
  2 ufetubi
  A worm (D:3)
  3 dart slugs
  2 orcs
  9 ball pythons
  9 endoplasms
  4 giant cockroaches
  3 goblins
  2 hobgoblins (D:3)
  4 jackals (D:1)
  4 quokkas
  5 bats
  2 frilled lizards
  19 kobolds
  21 rats
114 creatures vanquished.

Vanquished Creatures (others)
  5 toadstools (D:1)
5 creatures vanquished.

Grand Total: 119 creatures vanquished

Notes
Turn   | Place    | Note
-------+----------+-------------------------------------------
     0 | D:1      | avis the Demigod Hexslinger began the quest for the Orb.
     0 | D:1      | Reached XP level 1. HP: 15/15 MP: 4/4
   169 | D:1      | Reached skill level 1 in Fighting
   433 | D:1      | Reached XP level 2. HP: 24/24 MP: 5/5
   438 | D:1      | Found Boudaira's Jewellery Shop.
   813 | D:2      | Reached skill level 2 in Ranged Weapons
  1457 | D:3      | Reached XP level 3. HP: 27/30 MP: 6/6
  1492 | D:3      | Found a glowing drain.
  1497 | Sewer    | Entered a sewer
  1734 | Sewer    | Reached XP level 4. HP: 32/38 MP: 8/8
  1754 | Sewer    | Reached skill level 3 in Ranged Weapons
  2125 | Sewer    | Reached XP level 5. HP: 21/45 MP: 9/9
  2245 | Sewer    | Reached skill level 4 in Ranged Weapons
  2761 | D:3      | Noticed Ijyb
  2792 | D:3      | Killed Ijyb
  3502 | D:4      | Found a staircase to the Ecumenical Temple.
  3702 | D:4      | Reached XP level 6. HP: 37/51 MP: 10/10
  4074 | D:4      | Reached skill level 5 in Ranged Weapons
  4243 | D:5      | Entered Level 5 of the Dungeon
  4285 | D:5      | Learned a level 3 spell: Ozocubu's Armour
  4364 | Temple   | Entered the Ecumenical Temple
  4436 | D:5      | Noticed a two-headed ogre
  4456 | D:5      | Slain by a two-headed ogre

Illustrated notes

Levels and vault maps discovered:
D:1:      minmay_arrival_doors, layout_rooms,
          shapermc_ecumenical_altar_mp_ritualfount, serial_shops,
          nicolae_square_shop, minmay_gold_behind_fungi
D:2:      layout_rooms, roderic_three_in_a_row
D:3:      layout_basic, general_overflow_altar, old_standard_altar,
          gup_sewer_entry_spiral, corexii_shack, uniq_ijyb
D:4:      layout_loops_ring, lemuel_coloured_pillars_altar,
          nicolae_overflow_squiral, minmay_temple_entry_sparse_star,
          minmay_door_square
D:5:      layout_gridville, mainiacjoe_overflow_surrounded_room, st_stairs_3,
          uniq_grinder
Temple:   nicolae_temple_ecumenical_triangle

Skill      XL: |  1  2  3  4  5  6 |
---------------+-------------------+-----
Fighting       | 2 3 |  3.0
Ranged Weapons | 2 3 4 5 |  5.7
Dodging        | 2 3 |  3.0
Spellcasting   | |  1.0
Hexes          | |  2.6

Action                     |  1- 3 |  4- 6 || total
---------------------------+-------+-------++-------
   Fire: Sling             |   163 |   272 ||   435
   Cast: Slow              |     2 |       ||     2
    Use: Potion            |     2 |     3 ||     5
 Armour: Robe              |    35 |    42 ||    77
  Dodge: Dodged            |    79 |   103 ||   182

Table legend: (Time is in decaauts)
 A = Elapsed time spent in this place.
 B = Non-inter-level travel time spent in this place.
 C = Inter-level travel time spent in this place.
 D = Time resting spent in this place.
 E = Time spent auto-exploring this place.
 F = Levels seen in this place.
 G = Mean time per level.
                   A        B        C        D        E       F      G
               +--------+--------+--------+--------+--------+-----+--------+
         Total |   4606 |   4105 |    501 |    681 |   1877 |   7 |  658.0 |
       Dungeon |   3546 |   3045 |    501 |    211 |   1840 |   5 |  709.2 |
        Temple |      1 |      1 |      0 |      0 |      0 |   1 |    1.0 |
         Sewer |   1058 |   1058 |      0 |    470 |     37 |   1 | 1058.0 |
               +--------+--------+--------+--------+--------+-----+--------+

Top non-repeatable levels by time:
   Sewer: 1058 daAuts
     D:3: 1023 daAuts
     D:4: 1021 daAuts
     D:1: 774 daAuts
     D:2: 604 daAuts
     D:5: 122 daAuts
  Temple: 1 daAuts
